 Dungeon Crawl Stone Soup version 0.26.1-16-g4e020e15dc (webtiles) character file.

Game seed: 8392487501045100491

16 promet the Sneak (level 2, 19/19 HPs)
             Began as an Octopode Brigand on Sept 8, 2023.
             Quit the game on level 2 of the Dungeon on Nov 27, 2023.
             The game lasted 00:05:16 (1028 turns).

promet the Sneak (Octopode Brigand)                 Turns: 1028, Time: 00:05:17

Health: 19/19      AC:  1    Str: 10    XL:     2   Next: 54%
Magic:  2/2        EV: 13    Int: 13    God:
Gold:   86         SH:  0    Dex: 13    Spells: 1/1 levels left

rFire    . . .     SeeInvis .   b - +0 mace
rCold    . . .     Faith    .   (no shield)
rNeg     . . .     Spirit   .   (helmet restricted)
rPois    .         Reflect  .   (no amulet)
rElec    .         Harm     .   (no ring)
rCorr    .         Rampage  .   (no ring)
Will     .....                  (no ring)
Stlth    ++++......             (no ring)
HPRegen  0.06/turn              (no ring)
MPRegen  0.08/turn              (no ring)
                                (no ring)
                                (no ring)

@: no status effects
A: almost no armour, stealthy swim, amphibious, 8 rings, constrict 8, camouflage
1, gelatinous body 1
a: no special abilities


You were on level 2 of the Dungeon.
You visited 1 branch of the dungeon, and saw 2 of its levels.

You collected 86 gold pieces.

Inventory:

Hand Weapons
 a - a +2 dagger
 b - a +0 mace (weapon)
Missiles
 c - 2 curare-tipped darts
 d - 8 poisoned darts (quivered)
 e - 17 sling bullets
 f - 58 stones
Wands
 i - a wand of polymorph (4)
Potions
 g - a potion of lignification {unknown}
 h - a potion of invisibility {unknown}


   Skills:
 * Level 2.2 Fighting
 + Level 2.1 Short Blades
 + Level 2.0 Throwing
 + Level 1.0 Dodging
 + Level 5.9 Stealth


You had one spell level left.
You didn't know any spells.
Your spell library was empty.

Dungeon Overview and Level Annotations

Branches:
Dungeon (2/15)

Altars:


Innate Abilities, Weirdness & Mutations

You cannot wear most types of armour.
You are very stealthy in the water. (Stealth+)
You are amphibious.
You can wear up to eight rings at the same time.
You can use your tentacles to constrict eight enemies at once.
Your skin changes colour to match your surroundings (Stealth+).
Your rubbery body absorbs attacks. (AC +1, EV +1)


Message History

g - an inky potion
i - a wand of polymorph (4)
A giant cockroach comes into view.
The helpless giant cockroach fails to defend itself.
You hit the giant cockroach.
You kill the giant cockroach!
Found a stone staircase leading up.
There is a stone staircase leading up here.
Found 24 arrows.
You see here 24 arrows.
Saving game... please wait.
Welcome back, promet the Octopode Brigand.
Press ? for a list of commands and other information.
Saving game... please wait.
Welcome back, promet the Octopode Brigand.
Press ? for a list of commands and other information.
Saving game... please wait.
Welcome back, promet the Octopode Brigand.
Press ? for a list of commands and other information.
Are you sure you want to abandon this character and quit the game? (Confirm with "yes".)

*,,,,***,,,,**,* *,*
*,,,,*_*,,,,*#.* *,*
*,,,,*,*,,,,*#.* *,*
*,,,,*,*,,,,##.##### *,*
*,,,,*,*,,,,#......## *,*
******,******#......# *,* ,*
*,,,,,,,,,...#..# ***,* ,*
*,,,,******#.#..######***,,,*
,* ****** #@.........,,,,,,*
,* ###..######***,*,* ,* #..#
*,*,* ,********* #..# *,*,*
,,,,,,,,,* #..# *,*,*
********,* #..# *,*,*
*****######..# *,*,*
*,,,#.......# **,*,*
**,>,######<## *,,,,*


There were no monsters in sight!

Vanquished Creatures
  3 giant cockroaches
  2 hobgoblins (D:1)
  A jackal (D:1)
  5 kobolds
  5 rats
16 creatures vanquished.

Notes
Turn   | Place    | Note
-------+----------+-------------------------------------------
     0 | D:1      | promet the Octopode Brigand began the quest for the Orb.
     0 | D:1      | Reached XP level 1. HP: 14/14 MP: 1/1
   459 | D:1      | Reached XP level 2. HP: 19/19 MP: 2/2
   625 | D:1      | You fall into a shaft and drop 1 floor!
  1028 | D:2      | Quit the game

Illustrated notes

Levels and vault maps discovered:
D:1:      amcnicky_arrival_single_pillar, layout_loops_cross
D:2:      layout_loops_ring, nicolae_qazlal_eye_of_the_storm,
          grunt_ministairs_12

Action                   || total
-------------------------++-------
Melee: Dagger            ||    16
       Constrict         ||     7
       Mace              ||    10
       Tentacles         ||     2
  Use: Scroll            ||     4
       Potion            ||     2
 Stab: Sleeping          ||     8
Dodge: Dodged            ||    11
